 Dungeon Crawl Stone Soup version 0.24.1-1-gd1d2a07e1b (webtiles) character file.

Game seed: 13867680448483497546, levelgen mode: deterministic

307283 Peloso the Hoplite (level 20, -3/193 HPs)
             Began as a Minotaur Fighter on Apr 9, 2020.
             Was the Champion of Okawaru.
             Killed from afar by a deep elf annihilator (47 damage)
             ... with a bolt of lightning
             ... led by an ironheart preserver
             ... on level 1 of the Vaults.
             The game lasted 02:32:43 (42607 turns).

Peloso the Hoplite (Minotaur Fighter)              Turns: 42607, Time: 02:32:44

Health: -3/193     AC: 32    Str: 34    XL:     20   Next: 32%
Magic:  21/21      EV: 16    Int:  8    God:    Okawaru [******]
Gold:   1050       SH: 13    Dex: 13    Spells: 19/19 levels left

rFire    + + .     SeeInvis +   a - +8 double sword (flame)
rCold    . . .     Gourm    .   c - +0 buckler of Experimentation {rF+ MR+ rCorr SInv}
rNeg     + + +     Faith    .   p - +8 chain mail of Sin {*Drain rN+++ Regen+ Int+3}
rPois    +         Spirit   .   (helmet restricted)
rElec    .         Reflect  +   S - +1 cloak {MR+}
rCorr    +         Harm     .   B - +2 pair of gloves of the Forgotten Lives {rPois Str+7 Stlth+}
MR       +++..                  Z - +2 pair of boots of the Assassin {Detection Stab+ Stlth++}
Stlth    +++.......             u - +4 amulet of reflection
HPRegen  0.82/turn              J - ring of protection from fire
MPRegen  0.17/turn              (no ring)

@: lethally poisoned (-3 -> -4)
A: retaliatory headbutt, horns 2
}: 2/15 runes: decaying, gossamer
a: Heroism, Finesse, Renounce Religion


You were on level 1 of the Vaults.
You worshipped Okawaru.
Okawaru was exalted by your worship.
You were not hungry.

You visited 8 branches of the dungeon, and saw 36 of its levels.
You visited the Abyss 2 times.
You visited 1 bazaar.
You also visited: Ossuary, Gauntlet and Ice Cave.

You collected 4038 gold pieces.
You spent 2988 gold pieces at shops.

Inventory:

Hand Weapons
 a - a +8 double sword of flaming (weapon)
 b - the +7 demon blade "Hell-Harrower" {vamp, rC+ rN+}
   (You acquired it on level 3 of the Spider Nest)

   It inflicts no extra harm, but heals its wielder when it wounds a living foe.
   It protects you from cold.
   It protects you from negative energy.
Armour
 c - the +0 buckler of Experimentation (worn) {rF+ MR+ rCorr SInv}
   (You bought it in a shop on level 4 of the Dungeon)

   It protects you from fire.
   It affects your resistance to hostile enchantments.
   It lets you see invisible.
   It provides partial protection from all sources of acid and corrosion.
 i - a +2 pair of boots of running
 p - the +8 chain mail of Sin (worn) {*Drain rN+++ Regen+ Int+3}
   (You found it on level 3 of the Swamp)

   It affects your intelligence (+3).
   It renders you almost immune to negative energy.
   It increases your rate of regeneration.
   It causes draining when unequipped.
 B - the +2 pair of gloves of the Forgotten Lives (worn) {rPois Str+7 Stlth+}
   (You found it on level 7 of the Dungeon)

   It affects your strength (+7).
   It protects you from poison.
   It makes you more stealthy.
 H - a scarf of resistance
 S - a +1 cloak of magic resistance (worn)
 Z - the +2 pair of boots of the Assassin (worn) {Detection Stab+ Stlth++}
   (You bought it in a shop in a bazaar)

   It makes you much more stealthy.
Jewellery
 n - an uncursed ring of see invisible
 u - a +4 amulet of reflection (around neck)
 x - an uncursed ring of flight
 I - an uncursed ring of resist corrosion
 J - a ring of protection from fire (left hand)
Wands
 N - a wand of digging (2)
Scrolls
 g - 15 scrolls of remove curse
 j - 5 scrolls of fear
 l - 8 scrolls of teleportation
 m - 6 scrolls of identify
 o - 6 scrolls of magic mapping
 E - 3 scrolls of noise
 G - a scroll of blinking
Potions
 d - 6 potions of might
 h - 18 potions of curing
 k - 6 potions of flight
 r - 3 potions of resistance
 v - 9 potions of heal wounds
 w - 4 potions of haste
 z - 7 potions of agility
 M - 5 potions of mutation
 V - a potion of berserk rage
Miscellaneous
 K - a sack of spiders
Comestibles
 f - 53 rations
 q - 2 chunks of flesh


   Skills:
 + Level 19.7 Fighting
 + Level 20.7 Long Blades
 + Level 16.8 Armour
 + Level 12.2 Dodging
 + Level 5.7 Stealth
 + Level 22.0 Shields
 + Level 3.8 Invocations
 + Level 1.5 Evocations


You had 19 spell levels left.
You didn't know any spells.
Your spell library contained the following spells:

 Spells                   Type           Power        Failure   Level  Hunger
 Animate Skeleton         Necr           N/A          75%         1    ##.....
 Beastly Appendage        Tmut           #.....       75%         1    ##.....
 Confusing Touch          Hex            #.....       75%         1    ##.....
 Flame Tongue             Conj/Fire      #....        75%         1    ##.....
 Magic Dart               Conj           #...         75%         1    ##.....
 Shock                    Conj/Air       #...         75%         1    ##.....
 Sting                    Conj/Pois      #...         75%         1    ##.....
 Summon Small Mammal      Summ           #...         75%         1    ##.....
 Call Imp                 Summ           #.......     86%         2    ###....
 Corpse Rot               Necr           N/A          86%         2    ###....
 Ensorcelled Hibernation  Hex/Ice        #.....       86%         2    ###....
 Poisonous Vapours        Pois/Air       #.....       86%         2    ###....
 Sticks to Snakes         Tmut           #.......     86%         2    ###....
 Sublimation of Blood     Necr           #.........   86%         2    ###....
 Swiftness                Chrm/Air       #.......     86%         2    ###....
 Throw Flame              Conj/Fire      #.....       86%         2    ###....
 Throw Frost              Conj/Ice       #.....       86%         2    ###....
 Call Canine Familiar     Summ           #.......     98%         3    ####...
 Confuse                  Hex            #.......     98%         3    ####...
 Conjure Flame            Conj/Fire      #.......     98%         3    ####...
 Gell's Gravitas          Tloc           #.........   98%         3    ####...
 Inner Flame              Hex/Fire       #.......     98%         3    ####...
 Mephitic Cloud           Conj/Pois/Air  #.......     98%         3    ####...
 Portal Projectile        Hex/Tloc       #.....       98%         3    ####...
 Spider Form              Tmut/Pois      #.........   98%         3    ####...
 Static Discharge         Conj/Air       #.......     98%         3    ####...
 Summon Guardian Golem    Hex/Summ       #.......     98%         3    ####...
 Vampiric Draining        Necr           #.........   98%         3    ####...
 Airstrike                Air            #.........   100%        4    #####..
 Cause Fear               Hex            #.........   100%        4    #####..
 Force Lance              Conj/Tloc      #.......     100%        4    #####..
 Ice Form                 Ice/Tmut       #.......     100%        4    #####..
 Olgreb's Toxic Radiance  Pois           #.......     100%        4    #####..
 Petrify                  Tmut/Erth      #.......     100%        4    #####..
 Sticky Flame             Conj/Fire      #.......     100%        4    #####..
 Summon Ice Beast         Ice/Summ       #.......     100%        4    #####..
 Summon Lightning Spire   Summ/Air       #.......     100%        4    #####..
 Agony                    Necr           #.......     100%        5    ######.
 Blade Hands              Tmut           #.........   100%        5    ######.
 Bolt of Draining         Conj/Necr      #.........   100%        5    ######.
 Bolt of Magma            Conj/Fire/Erth #.........   100%        5    ######.
 Dispel Undead            Necr           #.......     100%        5    ######.
 Excruciating Wounds      Chrm/Necr      #.........   100%        5    ######.
 Fireball                 Conj/Fire      #.........   100%        5    ######.
 Irradiate                Conj/Tmut      #.........   100%        5    ######.
 Iskenderun's Battlesphe  Conj/Chrm      #.......     100%        5    ######.
 Lightning Bolt           Conj/Air       #.........   100%        5    ######.
 Metabolic Englaciation   Hex/Ice        #.........   100%        5    ######.
 Silence                  Hex/Air        #.........   100%        5    ######.
 Summon Mana Viper        Hex/Summ       #.......     100%        5    ######.
 Venom Bolt               Conj/Pois      #.........   100%        5    ######.
 Yara's Violent Unravell  Hex/Tmut       #.........   100%        5    ######.
 Bolt of Cold             Conj/Ice       #.........   100%        6    #######
 Bolt of Fire             Conj/Fire      #.........   100%        6    #######
 Death Channel            Necr           #.........   100%        6    #######
 Deflect Missiles         Chrm/Air       #.........   100%        6    #######
 Dispersal                Tloc           #.........   100%        6    #######
 Iron Shot                Conj/Erth      #.........   100%        6    #######
 Shadow Creatures         Summ           N/A          100%        6    #######
 Statue Form              Tmut/Erth      #........    100%        6    #######
 Dragon Form              Tmut           #.........   100%        7    #######
 Controlled Blink         Tloc           N/A          100%        8    #######
 Discord                  Hex            #.........   100%        8    #######
 Disjunction              Tloc           #.........   100%        8    #######
 Ignition                 Fire           #.........   100%        8    #######
 Dragon's Call            Summ           #.........   100%        9    #######
 Shatter                  Erth           #.........   100%        9    #######
 Tornado                  Air            #.........   100%        9    #######


Dungeon Overview and Level Annotations

Branches:
Dungeon (15/15)            Temple (1/1) D:4            Lair (6/6) D:9
  Swamp (4/4) Lair:3       Spider (4/4) Lair:4        Slime (0/5) Lair:5
    Orc (2/2) D:10            Elf (3/3) Orc:2        Vaults (1/5) D:14
 Depths (0/5) D:15        Ossuary (visited)           IceCv (visited)
Gauntlet (visited)

Altars:
Ashenzari
Cheibriados
Dithmenos
Elyvilon
Fedhas
Gozag
Hepliaklqana
Kikubaaqudgha
Makhleb
Nemelex Xobeh
Okawaru
Qazlal
Ru
Sif Muna
Trog
Uskayaw
Vehumet
Wu Jian
Xom
Yredelemnul
Zin
The Shining One
Beogh
Jiyva

Shops:
D:4 [   D:6 [   D:7 ?   D:8 (*%(   D:9 *   D:10 (   D:11 %   D:13 %
Orc:2 :}?[   Elf:1 :

Annotations:
Elf:2 1 runed translucent door


Innate Abilities, Weirdness & Mutations

You reflexively headbutt those who attack you in melee.
You have a pair of horns on your head.


Message History

You hit the ironheart preserver. You burn the ironheart preserver.
You kill the ironheart preserver!
Okawaru accepts your kill.
You slash the cyclops! You burn the cyclops. You headbutt the cyclops!
The cyclops is almost dead.
The deep elf annihilator points at you and mumbles some strange words.
The poison arrow hits you!!
You are poisoned.
You partially resist. You block the cyclops's attack.
You slice the cyclops!! You burn the cyclops.
You kill the cyclops!
Okawaru accepts your kill.
You feel sick.
Unknown command.
You feel sick.
The deep elf annihilator gestures at you while chanting.
The bolt of lightning hits you!!
* * * LOW HITPOINT WARNING * * *
The bolt of lightning hits you!!!
You die...

###...# .#...#
#.........# .....
+.........# #...#
#.........#
#..e###.........# ....
#........:#
..#####(###.........####
.......@))..............
.......(.))..(..........
.#########..............
#..............
#..####'###....
#$.#......#....
#..#..)...#....
#..#..))..#....
#..#......#....


You could see a deep elf annihilator.

Vanquished Creatures
  Arachne (Spider:3)
  Nikola (Spider:1)
  A bone dragon (Abyss:3)
  Jorgrun (Orc:1)
  2 Ice Fiends (IceCv)
  Asterion (Spider:1)
  A deep elf master archer (Elf:3)
  A tentacled starspawn (Abyss:3)
  Frances (Lair:4)
  2 thorn hunters
  Kirke (Lair:4)
  Donald (Swamp:3)
  A ghost moth (Spider:4)
  10 emperor scorpions
  Louise (Elf:2)
  7 deep elf sorcerers
  Aizul (Lair:4)
  2 vault wardens (Vaults:1)
  The ghost of VPR the Imperceptible, an adept SpEn of Dithmenos (Swamp:2)
  6 deep elf elementalists
  An entropy weaver (Spider:4)
  The ghost of xfalz the Thaumaturge, a journeyman GnSk of Ashenzari (Swamp:3)
  4 ironheart preservers (Vaults:1)
  A minotaur (Gauntlet)
  4 deep elf demonologists
  7 deep elf annihilators
  Azrael (Orc:2)
  3 ettins
  2 spark wasps
  Snorg (Lair:5)
  6 deep elf death magi
  3 deep elf high priests
  A yaktaur captain (D:15)
  2 ogre magi (Orc:2)
  Josephine (D:10)
  A rakshasa (D:14)
  25 hydras
  A vault guard (D:14)
  A ghost crab (Swamp:2)
  4 centaur warriors
  3 shambling mangroves
  4 two-headed ogres
  2 death yaks (Lair:6)
  14 alligators
  A deep troll shaman (Vaults:1)
  A deep troll earth mage (Vaults:1)
  A queen ant (Lair:2)
  30 dancing weapons
  5 spriggans
  2 thrashing horrors (Abyss:3)
  A spriggan berserker (Swamp:4)
  21 deep elf knights
  Nergalle (Orc:2)
  A fire crab (Gauntlet)
  2 spriggan druids (Swamp:4)
  A sea snake (Lair:6)
  An unseen horror (D:11)
  A spatial maelstrom (Abyss:3)
  3 deep trolls (Vaults:1)
  11 swamp dragons
  A necromancer (Vaults:1)
  3 wizards
  2 orc knights (Vaults:1)
  18 deep elf archers
  2 wolf spider zombies
  19 orb spiders
  24 ugly things
  An oklob plant (D:10)
  9 orc sorcerers
  62 deep elf magi
  A harpy (Lair:6)
  A human zombie (Vaults:1)
  3 manticores
  29 wolf spiders
  A human skeleton (Vaults:1)
  A cyclops (Vaults:1)
  2 moths of wrath
  18 elephants
  Joseph (D:9)
  3 ice statues
  A rust devil (Abyss:3)
  An apocalypse crab (Abyss:3)
  3 torpor snails
  3 black mambas
  4 centaur skeletons
  An orange demon (Abyss:3)
  2 gargoyles (D:13)
  23 spiny frogs
  7 rime drakes
  A yaktaur (D:15)
  An efreet (D:15)
  A kobold demonologist (D:13)
  11 komodo dragons
  17 demonic crawlers
  11 ice devils (IceCv)
  A polar bear (Lair:6)
  An ancient zyme (Abyss:3)
  A wind drake (shapeshifter) (Elf:1)
  3 meliai (D:12)
  A queen bee (shapeshifter) (D:15)
  12 trolls
  12 tyrant leeches
  35 jumping spiders
  16 hippogriffs
  7 slime creatures
  14 bog bodies
  3 raiju (Abyss:3)
  19 hornets
  12 blink frogs
  A centaur simulacrum (D:14)
  4 shadows
  80 redbacks
  3 wyverns
  A vampire (D:14)
  20 yaks
  3 water elementals
  6 wraiths
  8 hogs
  9 fire bats
  32 tarantellas
  2 basilisks
  Grum (Lair:1)
  5 fire elementals
  2 steam dragons
  23 humans
  9 vampire mosquitoes
  A chaos spawn (Abyss:3)
  A large abomination (Abyss:3)
  12 insubstantial wisps
  2 wargs (Orc:2)
  5 soldier ants (Lair:2)
  12 swamp worms
  An acid dragon (D:15)
  5 hell hounds
  18 water moccasins
  7 porcupines
  2 hornet zombies
  12 swamp drakes
  3 phantoms
  2 sky beasts
  2 black bears
  14 orc warriors
  2 necrophages
  An eye of draining (D:14)
  5 ice beasts
  12 ogres
  7 wolves
  12 centaurs
  16 crocodiles
  2 big kobolds
  20 bullfrogs
  3 water moccasin zombies
  2 earth elementals
  6 scorpions
  A killer bee (D:10)
  11 wights
  An orc simulacrum (Vaults:1)
  4 electric eels
  9 howler monkeys
  9 crimson imps
  3 centaur zombies
  3 bullfrog zombies
  A quasit (D:9)
  2 hounds (D:5)
  6 jellies
  3 bullfrog skeletons
  23 orc priests
  11 iguanas
  Natasha (twice) (D:4)
  46 orc wizards
  5 hell rats (Lair:2)
  31 worker ants
  8 big kobold zombies (Ossuary)
  A hound zombie (D:8)
  2 hound skeletons
  3 mummies
  13 gnolls
  9 adders
  15 river rats (Lair:2)
  4 shadow imps
  5 white imps
  6 ufetubi (IceCv)
  5 adder zombies (Ossuary)
  An ooze (D:1)
  An adder skeleton (D:5)
  2 worms (D:2)
  7 leopard geckos
  84 orcs
  10 bats
  A giant cockroach (D:1)
  6 gnoll zombies (Ossuary)
  7 goblins
  7 hobgoblins
  3 jackals (D:7)
  14 kobolds
  6 quokkas (Lair:2)
  A ball python (D:1)
  2 frilled lizards
  6 hobgoblin zombies (Ossuary)
  3 kobold zombies (Ossuary)
  3 orc zombies (Ossuary)
  2 quokka skeletons
  A quokka zombie (D:7)
  17 rats
  2 fungi (Lair:1)
1468 creatures vanquished.

Vanquished Creatures (others)
  A deep elf master archer (Elf:3)
  An alligator (Swamp:4)
  A deep elf archer (Elf:1)
  2 humans (Spider:1)
  A bullfrog (Lair:5)
  4 white imps (IceCv)
  6 ufetubi (IceCv)
  An orc (D:10)
  A kobold (D:10)
  2 demonic plants (Gauntlet)
  9 fungi
  14 plants
  4 starspawn tentacles (Abyss:3)
47 creatures vanquished.

Grand Total: 1515 creatures vanquished

Notes
Turn   | Place    | Note
-------+----------+-------------------------------------------
     0 | D:1      | Peloso the Minotaur Fighter began the quest for the Orb.
     0 | D:1      | Reached XP level 1. HP: 19/19 MP: 0/0
     1 | D:1      | Found a stormy altar of Qazlal.
   239 | D:1      | Reached XP level 2. HP: 27/27 MP: 1/1
   406 | D:1      | Reached skill level 4 in Shields
   746 | D:2      | Reached XP level 3. HP: 33/33 MP: 2/2
   761 | D:2      | Found a sparkling altar of Nemelex Xobeh.
  1251 | D:3      | Reached XP level 4. HP: 21/41 MP: 3/3
  1534 | D:3      | Found a white marble altar of Elyvilon.
  1633 | D:3      | Reached skill level 1 in Dodging
  1988 | D:4      | Found a staircase to the Ecumenical Temple.
  2074 | Temple   | Entered the Ecumenical Temple
  2344 | D:4      | Noticed Natasha
  2348 | D:4      | Killed Natasha
  2348 | D:4      | Reached XP level 5. HP: 44/47 MP: 4/4
  2598 | D:4      | Found Zoixt's Antique Armour Shoppe.
  2772 | D:4      | Reached skill level 5 in Armour
  2777 | D:4      | Reached XP level 6. HP: 42/53 MP: 5/5
  2828 | D:4      | Noticed Natasha
  2833 | D:4      | Killed Natasha
  2989 | D:4      | Reached skill level 5 in Long Blades
  2989 | D:4      | Reached skill level 5 in Shields
  3136 | D:5      | Entered Level 5 of the Dungeon
  3215 | D:5      | Reached XP level 7. HP: 58/60 MP: 6/6
  3227 | D:5      | Found a shadowy altar of Dithmenos.
  3238 | D:5      | Reached skill level 5 in Fighting
  3256 | D:5      | You fall into a shaft and drop 2 floors!
  3467 | D:6      | Found a snail-covered altar of Cheibriados.
  3736 | D:6      | Reached XP level 8. HP: 64/69 MP: 7/7
  3740 | D:6      | Reached skill level 6 in Shields
  3762 | D:6      | Found Miheunuh's Antique Armour Shoppe.
  3840 | D:6      | Found a sand-covered staircase.
  3845 | Ossuary  | Entered an ossuary
  4535 | D:7      | Found Emesul's Magic Scroll Emporium.
  4554 | D:7      | Bought a scroll of magic mapping for 49 gold pieces
  4554 | D:7      | Bought a scroll of enchant weapon for 105 gold pieces
  4554 | D:7      | Bought a scroll of magic mapping for 49 gold pieces
  4554 | D:7      | Bought a scroll of identify for 28 gold pieces
  4554 | D:7      | Bought a scroll of identify for 28 gold pieces
  4554 | D:7      | Bought a scroll of identify for 28 gold pieces
  4732 | D:7      | Reached XP level 9. HP: 58/75 MP: 8/8
  4740 | D:7      | Reached skill level 7 in Shields
  4852 | D:7      | Got a pair of faintly humming gloves
  4858 | D:7      | Identified the +2 pair of gloves of the Forgotten Lives
                  | {rPois Str+7 Stlth+} (You found it on level 7 of the
                  | Dungeon)
  4889 | D:7      | Reached skill level 10 in Long Blades
  5307 | D:8      | Found Teqicwun's Weapon Shop.
  5313 | D:8      | Found Niangiy's General Store.
  5439 | D:8      | Reached skill level 1 in Stealth
  5524 | D:8      | Found Yroblis's Food Shop.
  5555 | D:8      | Found Tutseiri's Antique Weapon Boutique.
  5851 | D:8      | Reached skill level 8 in Shields
  5998 | D:8      | Found a shimmering altar of Xom.
  6000 | D:8      | Found a blossoming altar of Fedhas.
  6135 | D:9      | Found a staircase to the Lair.
  6135 | D:9      | Noticed an elephant
  6136 | D:9      | Found a radiant altar of Vehumet.
  6167 | D:8      | Reached XP level 10. HP: 60/85 MP: 9/9
  6171 | D:8      | Killed an elephant
  6316 | D:9      | Reached skill level 9 in Shields
  6451 | D:9      | Found an iron altar of Okawaru.
  6468 | D:9      | Became a worshipper of Warmaster Okawaru
  6486 | D:9      | Found Binoil's Assorted Antiques.
  6844 | D:9      | Found a glowing silver altar of Zin.
  6978 | D:10     | Entered Level 10 of the Dungeon
  6979 | D:10     | Noticed Joseph
  7001 | D:9      | Reached skill level 10 in Shields
  7034 | D:9      | Killed Joseph
  7034 | D:9      | Reached * piety under Okawaru
  7090 | D:10     | Noticed a two-headed ogre
  7104 | D:10     | Killed a two-headed ogre
  7112 | D:10     | Reached ** piety under Okawaru
  7398 | D:10     | Noticed Josephine
  7612 | D:10     | Killed Josephine
  7612 | D:10     | Reached *** piety under Okawaru
  7612 | D:10     | Reached skill level 11 in Shields
  7612 | D:10     | Reached XP level 11. HP: 58/93 MP: 10/10
  7944 | D:10     | Found a staircase to the Orcish Mines.
  7946 | D:10     | Found Qifrien's Weapon Boutique.
  7997 | D:10     | Found a shimmering blue altar of Sif Muna.
  7997 | D:10     | Noticed an oklob plant
  8627 | D:3      | You fall into a shaft and drop 3 floors!
  9138 | D:4      | Bought a jewelled buckler for 256 gold pieces
  9146 | D:4      | Identified the +0 buckler of Experimentation {rF+ MR+ rCorr
                  | SInv} (You bought it in a shop on level 4 of the Dungeon)
  9286 | D:6      | Bought a smelly scale mail for 270 gold pieces
  9299 | D:6      | Identified the +6 scale mail "Adiot" {*Contam rF++ Regen+
                  | SInv} (You bought it in a shop on level 6 of the Dungeon)
  9382 | D:7      | Identified a scroll of acquirement
  9569 | D:11     | Noticed a purple ugly thing
  9584 | D:11     | Killed a purple ugly thing
  9646 | D:11     | Noticed a purple ugly thing
  9647 | D:11     | Noticed an unseen horror
  9654 | D:11     | Killed a purple ugly thing
  9654 | D:11     | Reached skill level 10 in Armour
  9666 | D:11     | Killed an unseen horror
  9666 | D:11     | Reached **** piety under Okawaru
  9689 | D:11     | Noticed a white ugly thing
  9702 | D:11     | Killed a white ugly thing
  9780 | D:11     | Reached skill level 12 in Shields
  9785 | D:11     | Noticed a two-headed ogre
  9795 | D:11     | Killed a two-headed ogre
  9802 | D:11     | Reached ***** piety under Okawaru
  9949 | D:11     | You fall into a shaft and drop 2 floors!
  9949 | D:13     | Noticed a five-headed hydra
  9965 | D:13     | Killed a one-headed hydra
  9965 | D:13     | Received a gift from Okawaru
  9965 | D:13     | Reached XP level 12. HP: 80/103 MP: 11/11
 10114 | D:12     | Reached skill level 1 in Invocations
 10399 | D:11     | Found Sifunor's Food Emporium.
 10769 | D:12     | Noticed a five-headed hydra
 10779 | D:12     | Killed a one-headed hydra
 10788 | D:12     | Reached skill level 5 in Dodging
 10895 | D:12     | Noticed a four-headed hydra
 10900 | D:12     | Killed a one-headed hydra
 11111 | Lair:1   | Entered Level 1 of the Lair of Beasts
 11189 | Lair:1   | Reached skill level 13 in Shields
 11348 | Lair:1   | Got a pitted scale mail
 11374 | Lair:1   | Noticed a seven-headed hydra
 11379 | Lair:1   | Reached skill level 10 in Fighting
 11391 | Lair:1   | Killed a two-headed hydra
 11527 | Lair:1   | Identified the +5 scale mail of the Hall of Blades {rC+ rN+
                  | Stlth+} (You found it on level 1 of the Lair of Beasts)
 11593 | Lair:1   | Noticed a six-headed hydra
 11604 | Lair:1   | Killed a three-headed hydra
 11648 | Lair:1   | Received a gift from Okawaru
 11651 | Lair:1   | Got a faintly glowing chain mail {god gift}
 11652 | Lair:1   | Identified the +3 chain mail of Bolat {+Blink +Inv rElec
                  | Dex-2} (Okawaru gifted it to you on level 1 of the Lair of
                  | Beasts)
 11681 | Lair:1   | Noticed a six-headed hydra
 11709 | Lair:1   | Killed a one-headed hydra
 11735 | Lair:1   | Noticed Grum
 11753 | Lair:1   | Killed Grum
 12538 | Lair:2   | Reached XP level 13. HP: 109/115 MP: 13/13
 12920 | Lair:2   | Reached skill level 15 in Long Blades
 12926 | Lair:2   | Reached skill level 1 in Evocations
 13697 | Lair:3   | Found a staircase to the Swamp.
 14013 | Lair:3   | Reached skill level 14 in Shields
 14394 | Lair:4   | Reached ****** piety under Okawaru
 14411 | Lair:4   | Received a gift from Okawaru
 14683 | Lair:4   | Found a glowing silver altar of Zin.
 14781 | Lair:4   | Found a hole to the Spider Nest.
 15691 | D:13     | Found Araid's Food Boutique.
 15917 | D:13     | Received a gift from Okawaru
 16878 | D:8      | Bought a faintly glowing falchion for 192 gold pieces
 16878 | D:8      | Identified the +5 falchion "Illuwk" {speed, Int+4 Dex+4}
                  | (You bought it in a shop on level 8 of the Dungeon)
 17307 | D:14     | Reached XP level 14. HP: 89/126 MP: 14/14
 17703 | D:14     | Identified the +1 leather armour of Bad Feelings {Regen+}
 17723 | D:14     | Reached skill level 15 in Shields
 17851 | D:14     | Found a gate to the Vaults.
 18068 | D:14     | Received a gift from Okawaru
 18082 | D:14     | Identified a +0 pair of boots of running (Okawaru gifted it
                  | to you on level 14 of the Dungeon)
 18696 | Orc:1    | Entered Level 1 of the Orcish Mines
 18757 | Orc:1    | Noticed Jorgrun
 18774 | Orc:1    | Killed Jorgrun
 18969 | Orc:2    | Entered Level 2 of the Orcish Mines
 19238 | Orc:2    | Found a staircase to the Elven Halls.
 19397 | Orc:2    | Found a radiant altar of Vehumet.
 19427 | Orc:2    | Found Aholluy's Antique Armour Shop.
 19474 | Orc:2    | Noticed Nergalle
 19494 | Orc:2    | Killed Nergalle
 19495 | Orc:2    | Found an ancient bone altar of Kikubaaqudgha.
 19601 | Orc:2    | Found Onofirei's Gadget Shop.
 19674 | Orc:2    | Found a roughly hewn altar of Beogh.
 19674 | Orc:2    | Found Secistril's Book Boutique.
 19700 | Orc:2    | Found Quiboul's Magic Scroll Boutique.
 20297 | Orc:1    | Found a roughly hewn altar of Beogh.
 20307 | Orc:1    | You fall into a shaft and drop 1 floor!
 20475 | D:15     | Entered Level 15 of the Dungeon
 20479 | D:15     | Received a gift from Okawaru
 20487 | D:15     | Got a pitted scimitar {god gift}
 20488 | D:15     | Identified the +1 scimitar of the Little People {slice,
                  | SInv} (Okawaru gifted it to you on level 15 of the Dungeon)
 20574 | D:15     | Reached skill level 16 in Shields
 20595 | D:15     | Found a gate leading to a gauntlet.
 20602 | Gauntlet | Entered a Gauntlet
 20602 | Gauntlet | Found a transporter.
 20602 | Gauntlet | Found a transporter.
 20602 | Gauntlet | Found a transporter.
 20612 | Gauntlet | Found a transporter.
 20615 | Gauntlet | Found a transporter.
 20619 | Gauntlet | Found a runed translucent door.
 20619 | Gauntlet | Found a runed translucent door.
 20627 | Gauntlet | Found a transporter.
 20630 | Gauntlet | Found a transporter.
 20644 | Gauntlet | Found a transporter.
 20661 | Gauntlet | Found a transporter.
 20678 | Gauntlet | Found a transporter.
 20681 | Gauntlet | Found a transporter.
 20683 | Gauntlet | Found a runed translucent gate.
 20683 | Gauntlet | Found a runed translucent gate.
 20683 | Gauntlet | Found a runed translucent gate.
 20684 | Gauntlet | Found a large runed translucent door.
 20684 | Gauntlet | Found a large runed translucent door.
 20685 | Gauntlet | Found a large runed translucent door.
 20686 | Gauntlet | Found a large runed translucent door.
 20686 | Gauntlet | Found a large runed translucent door.
 20686 | Gauntlet | Found a large runed translucent door.
 20687 | Gauntlet | Found a large runed translucent door.
 20688 | Gauntlet | Found a large runed translucent door.
 20695 | Gauntlet | Found a large runed translucent door.
 20695 | Gauntlet | Found a large runed translucent door.
 20695 | Gauntlet | Found a runed translucent door.
 20695 | Gauntlet | Found a runed translucent door.
 20696 | Gauntlet | Found a large runed translucent door.
 20697 | Gauntlet | Found a large runed translucent door.
 20699 | Gauntlet | Found a transporter.
 20709 | Gauntlet | Found a large runed translucent door.
 20709 | Gauntlet | Found a large runed translucent door.
 20710 | Gauntlet | Found a large runed translucent door.
 20711 | Gauntlet | Found a large runed translucent door.
 20869 | Gauntlet | Reached XP level 15. HP: 136/136 MP: 15/15
 20964 | Gauntlet | Got a pitted scimitar
 20965 | Gauntlet | Identified the cursed +1 scimitar of Japsayng {pain, rElec
                  | Str+2 Int+3} (You found it in a Gauntlet)
 21040 | Gauntlet | Identified Wyrgh's Guide on the Dark Blaze
 21040 | Gauntlet | Identified Imit's Guide on Heat and Boosts
 21040 | Gauntlet | Identified the Catalogue of Confrontation and the Mountains
 21407 | D:15     | Received a gift from Okawaru
 21424 | D:15     | Got a pair of faintly glowing gloves {god gift}
 21499 | D:15     | Found a shimmering blue altar of Sif Muna.
 21688 | D:15     | Found a staircase to the Depths.
 22265 | Lair:5   | Found a viscous altar of Jiyva.
 22265 | Lair:5   | Found a staircase to the Slime Pits.
 22386 | Lair:5   | Noticed Snorg
 22400 | Lair:5   | Killed Snorg
 22977 | Lair:6   | Entered Level 6 of the Lair of Beasts
 23396 | Lair:6   | Reached skill level 17 in Shields
 23575 | Lair:6   | Received a gift from Okawaru
 23794 | Lair:6   | Received a gift from Okawaru
 24433 | D:9      | Bought a scroll of brand weapon for 620 gold pieces
 25046 | Swamp:1  | Entered Level 1 of the Swamp
 25258 | Swamp:1  | Reached skill level 10 in Dodging
 26004 | Swamp:2  | Reached XP level 16. HP: 146/147 MP: 17/17
 26010 | Swamp:2  | Noticed a thorn hunter
 26021 | Swamp:2  | Killed a thorn hunter
 26021 | Swamp:2  | Received a gift from Okawaru
 26465 | Swamp:2  | Found a runed translucent door.
 26465 | Swamp:2  | Found a shimmering altar of Xom.
 26465 | Swamp:2  | Noticed VPR's ghost (adept SpEn)
 26482 | Swamp:2  | Killed VPR's ghost
 26498 | Swamp:2  | Identified the -2 pair of gloves of Qaub {rC+} (Okawaru
                  | gifted it to you on level 15 of the Dungeon)
 26510 | Swamp:2  | Got a shimmering flail
 26513 | Swamp:2  | Identified the +3 flail of Calafrak {vamp, rPois rC+
                  | Stlth+} (You found it on level 2 of the Swamp)
 26706 | Swamp:3  | Found a transporter.
 26708 | Swamp:3  | Noticed xfalz's ghost (journeyman GnSk)
 26709 | Swamp:3  | Found a transporter.
 26741 | Swamp:3  | Noticed Donald
 26749 | Swamp:3  | Killed Donald
 26749 | Swamp:3  | Reached skill level 15 in Fighting
 26750 | Swamp:3  | Reached skill level 5 in Stealth
 26787 | Swamp:3  | Got a faintly glowing chain mail
 26979 | Lair:1   | Identified the +8 chain mail of Sin {*Drain rN+++ Regen+
                  | Int+3} (You found it on level 3 of the Swamp)
 27938 | Swamp:3  | Killed xfalz's ghost
 28017 | Swamp:4  | Entered Level 4 of the Swamp
 28082 | Swamp:4  | Found a frozen archway.
 28103 | IceCv    | Entered an ice cave
 28169 | IceCv    | Reached skill level 18 in Shields
 28348 | IceCv    | Noticed an Ice Fiend
 28364 | IceCv    | Killed an Ice Fiend
 28366 | IceCv    | Noticed an Ice Fiend
 28418 | IceCv    | Killed an Ice Fiend
 28711 | IceCv    | Received a gift from Okawaru
 28929 | Swamp:4  | Identified the Guide on Frigorific Transformation
 29329 | Swamp:4  | Received a gift from Okawaru
 29552 | Swamp:4  | Reached XP level 17. HP: 134/158 MP: 18/18
 30069 | Swamp:4  | Got a decaying rune of Zot
 30304 | Spider:1 | Entered Level 1 of the Spider Nest
 30304 | Spider:1 | Noticed Nikola
 30317 | Spider:1 | Killed Nikola
 30519 | Spider:1 | Noticed Aizul
 30533 | Spider:1 | Noticed Kirke
 30533 | Spider:1 | Noticed Frances
 30881 | Spider:1 | Noticed Asterion
 30890 | Lair:4   | Killed Aizul
 31284 | Lair:4   | Killed Kirke
 31284 | Lair:4   | Received a gift from Okawaru
 31305 | Spider:1 | Killed Asterion
 31305 | Spider:1 | Reached skill level 19 in Shields
 31312 | Lair:4   | Killed Frances
 32901 | Spider:3 | Received a gift from Okawaru
 33218 | Spider:3 | Noticed Arachne
 33239 | Spider:3 | Killed Arachne
 33682 | Spider:3 | Got an encrusted demon blade
 33683 | Spider:3 | Identified the +7 demon blade "Hell-Harrower" {vamp, rC+
                  | rN+} (You acquired it on level 3 of the Spider Nest)
 34119 | Spider:4 | Entered Level 4 of the Spider Nest
 34130 | Spider:4 | Reached skill level 15 in Armour
 34154 | Spider:4 | Received a gift from Okawaru
 34154 | Spider:4 | Reached XP level 18. HP: 170/170 MP: 19/19
 34603 | Spider:4 | Reached skill level 20 in Shields
 34879 | Spider:4 | Received a gift from Okawaru
 34895 | Spider:4 | Received a gift from Okawaru
 34953 | Spider:4 | Got a gossamer rune of Zot
 35760 | Elf:1    | Entered Level 1 of the Elven Halls
 35760 | Elf:1    | Noticed Azrael
 35798 | Orc:2    | Killed Azrael
 36648 | Elf:1    | Cast into level 3 of the Abyss (a deep elf sorcerer)
 36791 | Elf:1    | Escaped the Abyss
 36818 | Elf:1    | Received a gift from Okawaru
 36833 | Elf:1    | Reached XP level 19. HP: 180/180 MP: 20/20
 36908 | Elf:1    | Got a pearl-encrusted plate armour {god gift}
 36909 | Elf:1    | Identified the +0 plate armour of the Barber Surgeon {rPois
                  | SInv} (Okawaru gifted it to you on level 1 of the Elven
                  | Halls)
 37194 | Elf:1    | Identified the Handbook of Supportive Combat Magic
 37256 | Elf:1    | Found Qatah's Book Emporium.
 37600 | Elf:2    | Reached skill level 21 in Shields
 37949 | Elf:2    | Noticed Louise
 37976 | Elf:2    | Killed Louise
 38068 | Elf:2    | Found a runed translucent door.
 38094 | Elf:2    | Found a runed translucent door.
 38244 | Elf:3    | Entered Level 3 of the Elven Halls
 38306 | Elf:3    | Found a flickering gateway to a bazaar.
 38316 | Bazaar   | Entered a bazaar
 38316 | Bazaar   | Found Meis's Antique Armour Emporium.
 38330 | Bazaar   | Found Forocw's Antique Armour Emporium.
 38343 | Bazaar   | Found Teppaoq's Distillery.
 38351 | Bazaar   | Bought a potion of berserk rage for 65 gold pieces
 38416 | Bazaar   | Bought a pitted chain mail for 161 gold pieces
 38418 | Bazaar   | Identified the cursed +0 chain mail "Wacvaixu" {Str+2
                  | Int+3} (You bought it in a shop in a bazaar)
 38423 | Bazaar   | Bought the +2 pair of boots of the Assassin {Detection
                  | Stab+ Stlth++} for 1020 gold pieces
 38423 | Bazaar   | Found the +2 pair of boots of the Assassin {Detection Stab+
                  | Stlth++}
 38464 | Bazaar   | Bought a potion of might for 52 gold pieces
 38464 | Bazaar   | Bought a potion of heal wounds for 65 gold pieces
 38745 | Elf:3    | Cast into level 3 of the Abyss (a deep elf demonologist)
 38840 | Abyss:3  | Noticed a bone dragon
 38870 | Abyss:3  | Killed a bone dragon
 38899 | Abyss:3  | Found a hazy altar of Hepliaklqana.
 38946 | Elf:3    | Escaped the Abyss
 39253 | Lair:1   | Identified a +2 pair of boots of running (You found it on
                  | level 1 of the Spider Nest)
 39684 | Elf:3    | Received a gift from Okawaru
 39811 | Elf:3    | Noticed a Brimstone Fiend
 40481 | Elf:3    | Identified the cursed +0 leather armour of the Hall of
                  | Blades {+Fly rPois Str+2}
 40602 | Elf:3    | Got a shimmering chain mail
 40603 | Elf:3    | Identified the +6 chain mail of Folo {Int-4 SInv Stlth+}
                  | (You found it on level 3 of the Elven Halls)
 40662 | Elf:3    | Got an encrusted short sword
 40663 | Elf:3    | Identified the +9 short sword of Istroinga {pierce, rC+
                  | Int+2} (You found it on level 3 of the Elven Halls)
 40688 | Elf:3    | Got an ancient scimitar
 40727 | Elf:3    | Identified the +2 scimitar of Cataclysm {freeze, rElec
                  | Str+6} (You found it on level 3 of the Elven Halls)
 41335 | Elf:2    | Reached XP level 20. HP: 157/191 MP: 21/21
 41630 | Elf:2    | Received a gift from Okawaru
 42430 | Vaults:1 | Entered Level 1 of the Vaults
 42568 | Vaults:1 | Reached skill level 22 in Shields
 42607 | Vaults:1 | Killed from afar by a deep elf annihilator

Levels and vault maps discovered:
D:1:      sevenhm_arrival_forest_fort_small_6, layout_basic
D:2:      layout_rooms, nemelex_xobeh_ov_fountains_minmay, serial_rivers,
          chequers_serial_rivers_small_3, chequers_serial_rivers_micro_a,
          chequers_serial_rivers_room_b, chequers_serial_rivers_small_3,
          chequers_serial_rivers_micro_e
D:3:      layout_loops_ring, nicolae_overflow_crystal_walls, serial_glass,
          glass_columns_b, glass_columns_c, glass_columns_b, glass_columns_a,
          glass_columns_a, glass_columns_b, glass_columns_a, glass_columns_a,
          glass_columns_a, glass_columns_a, glass_columns_c, glass_columns_a,
          glass_columns_b, glass_columns_a, feat_on_display,
          minmay_misc_feat_enclosed
D:4:      layout_loops_corners, minmay_temple_entry_glassed_door, serial_shops,
          kennysheep_mini_moat, uniq_natasha
D:5:      layout_basic, first_ration, grunt_dithmenos_smoke
D:6:      layout_loops_ring, slow_altar_1, enter_ossuary_2, serial_shops,
          shop_fountains
D:7:      layout_basic, serial_shops, nicolae_shop_crystal, grunt_livestock,
          kennysheep_generic_room_13
D:8:      layout_loops_ring, grunt_temple_overflow_open, serial_shops,
          nicolae_shop_crystal, shop, kennysheep_little_box, shop
D:9:      layout_cave_pools, lemuel_coloured_pillars_altar, lemuel_doored_altar,
          okawaru_altar_gauntlet_db, david_lair_generic, serial_shops,
          shop_coins
D:10:     minmay_octagon_keep, layout_long_grid, orc_david_3,
          lemuel_oklob_altar, uniq_joseph, uniq_josephine
D:11:     layout_basic, serial_shops, shop, serial_glass, glass_columns_a,
          glass_columns_c, minmay_starry_boxes
D:12:     layout_roguey
D:13:     layout_basic, serial_shops, nicolae_shop_stone, st_stairs_13,
          drop_trap
D:14:     layout_basic, grunt_vaults_entry_tiered
D:15:     grunt_enter_depths_snipers, layout_basic, lemuel_round_altar,
          gauntlet_entry_generic
Temple:   dshaligram_water_room_temple
Lair:1:   beast_lair_carwin_large_3, layout_hall_layers, st_stairs_4,
          serial_bayou_pond_b, uniq_grum
Lair:2:   lemuel_ratsnest, layout_gridlike, zaba_antful_of_joy
Lair:3:   layout_regular_city, skrybe_swamp_entry_bodies, grunt_megastairs_2
Lair:4:   layout_long_grid, nicolae_spider_entry_orb_guardian, basic_altar,
          grunt_megastairs_5
Lair:5:   layout_gridlike, slime_altar_1, uniq_snorg
Lair:6:   gammafunk_lair_ancient_temple, layout_small_grid, serial_bayou_shore_b
Swamp:1:  layout_basic_swamp, hangedman_swamp_pad, swamp_pool3,
          nicolae_swamp_trees_clearing
Swamp:2:  layout_basic_swamp, ebering_ghost_xom, infiniplex_staircase_pool_2,
          swamp_pool4
Swamp:3:  layout_falls_marsh, gammafunk_ghost_arena, nicolae_swamp_fairy_circle,
          swamp_pool2, uniq_donald
Swamp:4:  swamp_basic_johnstein, layout_basic_swamp,
          portal_ice_cave_entry_pillars_three, infiniplex_staircase_pool
Spider:1: layout_spider_delve, uniq_asterion, uniq_kirke, uniq_frances,
          uniq_nikola, uniq_aizul
Spider:2: layout_spider_delve
Spider:3: layout_chambers, uniq_arachne
Spider:4: grunt_spider_rune_circles, guppyfry_spider_mini_3
Orc:1:    layout_caves, lemuel_statue_altar, uniq_jorgrun
Orc:2:    kennysheep_orc_mage_school, layout_diamond_mine
Elf:1:    minmay_elf_arrival_summoners, layout_geoelf_octagon, serial_shops,
          shop_fountains, minmay_elf_sorcery, uniq_azrael
Elf:2:    layout_onion_city, uniq_louise
Elf:3:    minmay_elf_hall_dome, layout_onion_city, serial_shops, bzr_entry_islet
Vaults:1: ontoclasm_vaults_tryst, vaults_mumra_hexcomb,
          nicolae_vaults_network_square, hangedman_vaults_corner_blocks,
          hangedman_vaults_restitches, nicolae_vaults_murderbox,
          ontoclasm_vaults_chip, nicolae_vaults_little_squares_3,
          vaults_room_pools, layout_vaults_big_room, serial_shops,
          nicolae_shop_temple_entry_statues_fountains

Skill      XL: |  1  2  3  4  5  6  7  8  9 10 11 12 13 14 15 16 17 18 19 20 |
---------------+-------------------------------------------------------------+-----
Fighting       | 4 5 6 7 8 9 10 12 13 14 15 17 18 19 | 19.7
Shields        | 4 5 6 8 11 12 13 14 16 17 18 19 20 21 22 | 22.0
Armour         | 4 5 6 7 8 9 10 11 12 13 14 15 16 | 16.8
Long Blades    | 3 4 5 6 9 11 12 13 14 15 16 17 18 19 20 | 20.7
Dodging        | 1 2 3 4 5 7 9 10 11 12 | 12.2
Stealth        | 1 2 3 4 5 |  5.7
Invocations    | 1 2 3 |  3.8
Evocations     | 1 |  1.5

Action                   |  1- 3 |  4- 6 |  7- 9 | 10-12 | 13-15 | 16-18 | 19-21 || total
-------------------------+-------+-------+-------+-------+-------+-------+-------++-------
Melee: Long sword        |    76 |   130 |   391 |   678 |   467 |       |       ||  1742
       Headbutt          |     7 |    24 |    93 |   195 |   609 |   418 |   170 ||  1516
       Falchion          |       |       |       |       |  1163 |       |       ||  1163
       Double sword      |       |       |       |       |   126 |   760 |   184 ||  1070
       Scimitar          |       |       |       |       |     6 |       |       ||     6
       Demon blade       |       |       |       |       |       |   645 |   386 ||  1031
Invok: Heroism           |       |       |       |     9 |     9 |    11 |     3 ||    32
       Finesse           |       |       |       |       |     1 |     1 |       ||     2
Evoke: Wand              |       |       |       |     8 |       |     7 |       ||    15
  Use: Potion            |     2 |       |       |     1 |       |     5 |     1 ||     9
       Scroll            |       |       |    14 |    12 |    10 |    13 |     7 ||    56
 Stab: Sleeping          |       |       |       |     4 |    10 |       |     3 ||    17
       Distracted        |       |       |       |       |     2 |       |     2 ||     4
       Confused          |       |       |       |       |       |     1 |       ||     1
       Held in net/web   |       |       |       |       |       |     1 |       ||     1
  Eat: Chunk             |     1 |     6 |     7 |    17 |    32 |    21 |    12 ||    96
       Ration            |       |       |     1 |     1 |     3 |     4 |     2 ||    11
Armor: Scale mail        |    49 |    49 |   120 |   152 |   408 |    20 |       ||   798
       Plate armour      |       |       |    62 |   111 |       |       |       ||   173
       Chain mail        |       |       |       |       |       |   819 |   194 ||  1013
Dodge: Dodged            |    32 |    44 |   117 |   214 |   593 |   974 |   234 ||  2208
Block: Shield            |    49 |    58 |   245 |   258 |       |       |       ||   610
       Reflection        |       |       |     2 |    21 |    16 |    19 |    50 ||   108
       Buckler           |       |       |       |   172 |   742 |  1020 |   288 ||  2222
       Rpst.: Long sword |     9 |    13 |    24 |    52 |    50 |       |       ||   148
       Falchion          |       |       |       |       |    66 |       |       ||    66
       Double sword      |       |       |       |       |     8 |    93 |    23 ||   124
       Demon blade       |       |       |       |       |       |    78 |    26 ||   104
